 Dungeon Sprint DCSS version 0.17-a0-1262-gd250d98 (webtiles) character file.

12051 Kidiri the Tortoise (level 11, -3/81 HPs)
             Began as a Gargoyle Fighter on June 6, 2015.
             Was the Champion of Trog.
             Engulfed by a necromancer's flame (25 damage)
             ... in the Dungeon (Sprint V: "Ziggurat Sprint").
             The game lasted 00:11:31 (777 turns).

Kidiri the Tortoise (Gargoyle Fighter)               Turns: 777, Time: 00:11:31

Health: -3/81      AC: 41    Str: 40    XL:     11   Next: 87%
Magic:  15/16      EV:  4    Int:  9    God:    Trog [******]
Gold:   0          SH: 33    Dex:  9    Spells: 0 memorised, 10 levels left

rFire  . . .     SeeInvis +     y - +14 obsidian axe {chop, +Fly Str+3 SInv *Curse} (curse)
rCold  + . .     Clarity  +     A - +15 Maxwell's patent armour {-Cast -Tele rElec MR+ rCorr}
rNeg   + + .     SustAt   .     B - +18 shield of the gong {rElec rN+ MR+ EV-5}
rPois  ∞         Gourm    .     (helmet restricted)
rElec  +         Spirit   .     (no cloak)
rCorr  +         Warding  .     J - +1 pair of gloves {archery}
rMut   .         NoTele   +     (no boots)
MR     ++...     NoCast   +     O - amulet "Abiaxzy" {*Confuse +Rage rPois rC+ Slay+5}
Stlth  ..........               E - +6 ring of strength
                                D - +6 ring of strength

@: mesmerised, very resistant to hostile enchantments, extremely unstealthy
A: horns 1, blurry vision 1, clarity, low mp 1, negative energy resistance 1,
electricity resistance, strong 1, unbreathing, petrification resistance, no
device heal 1, rot immunity, AC +7
a: Burn Spellbooks, Berserk, Trog's Hand, Brothers in Arms, Renounce Religion,
Evoke Berserk Rage, Evoke Flight


You were in the Dungeon.
You worshipped Trog.
Trog was exalted by your worship.
You were not hungry.

You visited 1 branch

Inventory:

Hand weapons
 y - the cursed +14 obsidian axe (weapon) {chop, +Fly Str+3 SInv *Curse}
   (You found it in the Dungeon)

   It inflicts extra damage upon your enemies.
   It affects your strength (+3).
   It lets you see invisible.
   It lets you fly.
   It may re-curse itself when equipped.
   It has a curse placed upon it.
Armour
 A - the +15 Maxwell's patent armour (worn) {-Cast -Tele rElec MR+ rCorr}
   (You found it in the Dungeon)

   It insulates you from electricity.
   It affects your resistance to hostile enchantments.
   It prevents spellcasting.
   It prevents most forms of teleportation.
   It protects you from acid and corrosion.
 B - the +18 shield of the gong (worn) {rElec rN+ MR+ EV-5}
   (You found it in the Dungeon)

   It affects your evasion (-5).
   It insulates you from electricity.
   It protects you from negative energy.
   It affects your resistance to hostile enchantments.
 J - a +1 pair of gloves of archery (worn)
Rods
 c - a +2 lightning rod (10/10)
   (You found it in the Dungeon)
 M - a +4 rod of shadows (13/13)
   (You found it in the Dungeon)
Jewellery
 a - the amulet of Tuawef {Gourm rN+ Int+9}
   (You found it in the Dungeon)

   [amulet of the gourmand]

   It allows you to eat raw meat even when not hungry.
   It affects your intelligence (+9).
   It protects you from negative energy.
 l - an uncursed ring of protection from cold
 v - the ring of Ihielup {rPois rC+ Str-3 Dex+3 Slay+3}
   (You found it in the Dungeon)

   [ring of protection from cold]

   It affects your strength (-3).
   It affects your dexterity (+3).
   It affects your accuracy and damage with ranged weapons and melee attacks
   (+3).
   It protects you from cold.
   It protects you from poison.
 C - an uncursed ring of stealth
 D - a +6 ring of strength (left hand)
 E - a +6 ring of strength (right hand)
 L - an uncursed ring of protection from cold
 O - the amulet "Abiaxzy" (around neck) {*Confuse +Rage rPois rC+ Slay+5}
   (You found it in the Dungeon)

   [amulet of rage]

   It affects your accuracy and damage with ranged weapons and melee attacks
   (+5).
   It protects you from cold.
   It protects you from poison.
   It lets you go berserk.
   It may confuse you when you take damage.
Magical devices
 F - a wand of disintegration (7)
 G - a wand of fire (5)
 H - a wand of cold (5)
 I - a wand of draining (5)
 K - a wand of heal wounds (6)
Scrolls
 b - 4 scrolls of enchant armour
 k - 4 scrolls of blinking
 m - 3 scrolls of recharging
 n - 7 scrolls of fog
 o - a scroll of holy word
 p - 5 scrolls of identify
 q - 5 scrolls of remove curse
 r - 2 scrolls of fear
Potions
 d - 6 potions of might
 f - 10 potions of curing
 g - 9 potions of heal wounds
 h - 6 potions of haste
 i - 7 potions of magic
 j - 3 potions of berserk rage
 s - 2 potions of brilliance
 t - 2 potions of invisibility
 u - 4 potions of resistance
 w - 5 potions of agility
Comestibles
 e - 5 bread rations
 x - 42 fruits
 z - 4 meat rations


   Skills:
 * Level 15.0 Fighting
 * Level 12.7 Axes
 * Level 15.0 Armour
 * Level 14.9 Shields
 + Level 9.1 Evocations


You had 10 spell levels left.
You didn't know any spells.

Dungeon Overview and Level Annotations

Branches:
Dungeon (1/1)

Altars:
Ashenzari
Cheibriados
Dithmenos
Elyvilon
Fedhas
Gozag
Kikubaaqudgha
Makhleb
Nemelex Xobeh
Okawaru
Qazlal
Ru
Sif Muna
Trog
Vehumet
Xom
Yredelemnul
Zin
The Shining One
Beogh
Jiyva
Lugonu


Innate Abilities, Weirdness & Mutations

You are resistant to torment.
Your stone body is resilient (AC +7).
You are immune to poison.
You resist negative energy.
You are resistant to electric shocks.
You can survive without breathing.
You are immune to petrification.
You are immune to rotting.
You have a pair of small horns on your head.
Scrolls take you a little longer to read.
You possess an exceptional clarity of mind.
Your magical capacity is low (-10% MP).
Your muscles are strong. (Str +2)
Potions and wands are less effective at restoring your health.


Message History

BONNNG!
You block the ghoul's attack.
SHROANNG!
You block the ghoul's attack.
PANG!
The necromancer hits you but does no damage.
You slash the shadow!
You are no longer entranced.
You destroy the shadow!
You completely miss the ghoul.
The ghoul is moderately damaged.
You slash the necromancer!
You kill the necromancer!
Trog accepts your kill.
Trog appreciates your killing of a magic user.
Your Fighting skill increases to level 15!
Your Armour skill increases to level 15!
Visions of slaying the ghoul flood into your mind.
You are engulfed in roaring flames.
You die...

▓.........
▓▓▓▓▓▓▓▓▓▓▓▓▓▓▓▓▓▓▓▓▓▓
▓...8©8...▓...8©8...▓.
▓..:}}.:).▓.≈≈[≈≈≈..▓.
▓..).}}...▓≈.≈}≈)≈.≈▓.
▓.........▓≈≈≈.)≈(≈.▓.
▓....zZp..▓≈≈.)).().▓.
▓...).nW..▓....)≈≈.≈▓.
▓....@§Z..▓≈≈.≈()..≈▓.
▓..▓.§§▓..▓≈..≈))...▓.
▓.▓..§.§▓.▓.≈..(....▓.
▓.........▓.≈.≈...≈.▓▓
▓▓▓▓▓▓▓▓▓▓▓▓▓▓▓▓▓▓▓▓▓


You could see a ghoul, a skeletal warrior, a necromancer (invisible), a shadow
(invisible), a jackal zombie and a human zombie.

Vanquished Creatures
  2 merfolk javelineers (D)
  2 merfolk impalers (D)
  A merfolk aquamancer (D)
  A deep elf knight (D)
  A wretched star (D)
  A sea snake (D)
  A spriggan druid (D)
  A deep elf summoner (D)
  2 necromancers (D)
  A black mamba (D)
  A merfolk (D)
  A shadow (D)
  2 deep elf magi (D)
  4 spriggans (D)
  A small abomination (D)
  3 hippogriffs (D)
  A fire bat (shapeshifter) (D)
  A golden eye (D)
  A mottled dragon (shapeshifter) (D)
  A wolf (D)
  2 water moccasins (D)
  2 hell hounds (D)
  2 nagas (D)
  A wasp (D)
  A necrophage (D)
  3 black bears (D)
  2 centaurs (D)
  4 scorpions (D)
  A quasit (D)
  3 jellies (D)
  An iron imp (D)
  2 sheep (D)
  An adder (D)
  A shadow imp (D)
  2 white imps (D)
  An ufetubus (D)
  2 adder zombies (D)
  3 ball pythons (D)
  A bat zombie (D)
  A giant cockroach zombie (D)
  A jackal zombie (D)
  A fungus (D)
67 creatures vanquished.

Vanquished Creatures (collateral kills)
  A merfolk javelineer (D)
  An ugly thing (D)
  A wind drake (D)
3 creatures vanquished.

Vanquished Creatures (others)
  A vampire (D)
1 creature vanquished.

Grand Total: 71 creatures vanquished

Notes
Turn   | Place    | Note
--------------------------------------------------------------
     0 | D        | Kidiri the Gargoyle Fighter began the quest for the Orb.
     0 | D        | Reached XP level 1. HP: 14/14 MP: 1/1
     0 | D        | Found an iron altar of Okawaru.
     0 | D        | Found a burning altar of Makhleb.
     0 | D        | Found a radiant altar of Vehumet.
     0 | D        | Found a deep blue altar of Sif Muna.
     0 | D        | Found a shimmering altar of Xom.
     2 | D        | Found a corrupted altar of Lugonu.
     2 | D        | Found a roughly hewn altar of Beogh.
     2 | D        | Found a white marble altar of Elyvilon.
     2 | D        | Found a viscous altar of Jiyva.
     2 | D        | Found a sparkling altar of Nemelex Xobeh.
     2 | D        | Found a bloodstained altar of Trog.
    79 | D        | Became a worshipper of Trog the Wrathful
    88 | D        | Reached skill level 5 in Fighting
    88 | D        | Reached skill level 5 in Armour
    88 | D        | Reached skill level 5 in Shields
    88 | D        | Reached XP level 2. HP: 18/21 MP: 1/3
   132 | D        | Entered arena 1.
   132 | D        | Noticed a water moccasin
   135 | D        | Killed a water moccasin
   135 | D        | Reached skill level 6 in Fighting
   135 | D        | Reached XP level 3. HP: 25/28 MP: 3/5
   135 | D        | Reached XP level 4. HP: 28/32 MP: 3/6
   137 | D        | Reached XP level 5. HP: 32/37 MP: 3/7
   176 | D        | Entered arena 2.
   176 | D        | Noticed a wolf
   176 | D        | Noticed a mottled dragon
   176 | D        | Noticed a cyan ugly thing
   180 | D        | Killed a mottled dragon
   180 | D        | Acquired Trog's first power
   180 | D        | Reached skill level 7 in Fighting
   180 | D        | Reached skill level 5 in Axes
   180 | D        | Reached XP level 6. HP: 40/44 MP: 8/8
   181 | D        | Noticed a fire bat
   181 | D        | a wolf changed into a fire bat
   182 | D        | Killed a fire bat
   182 | D        | Killed a cyan ugly thing
   182 | D        | Acquired Trog's second power
   182 | D        | Reached skill level 8 in Fighting
   182 | D        | Reached skill level 9 in Armour
   182 | D        | Reached XP level 7. HP: 37/50 MP: 8/10
   186 | D        | Gained mutation: You possess an exceptional clarity of mind. [mutagenic meat]
   187 | D        | Gained mutation: You are robust (+10% HP). [mutagenic meat]
   188 | D        | Gained mutation: Your muscles are strong. (Str +2) [mutagenic meat]
   204 | D        | Gained mutation: Scrolls take you a little longer to read. [mutagenic meat]
   205 | D        | Gained mutation: Your magical capacity is low (-10% MP). [mutagenic meat]
   206 | D        | Gained mutation: Potions and wands are less effective at restoring your health. [mutagenic meat]
   207 | D        | Gained mutation: You have a pair of small horns on your head. [mutagenic meat]
   208 | D        | Lost mutation: You are robust (+10% HP). [mutagenic meat]
   259 | D        | Entered arena 3.
   259 | D        | Noticed a scorpion
   259 | D        | Noticed a scorpion
   259 | D        | Noticed a scorpion
   259 | D        | Noticed a scorpion
   261 | D        | Killed a scorpion
   262 | D        | Killed a scorpion
   262 | D        | Acquired Trog's third power
   263 | D        | Killed a scorpion
   263 | D        | Received a gift from Trog
   264 | D        | Killed a scorpion
   264 | D        | Reached skill level 5 in Evocations
   273 | D        | Entered arena 4.
   273 | D        | Noticed a jelly
   273 | D        | Noticed a golden eye
   273 | D        | Noticed a jelly
   273 | D        | Noticed a jelly
   275 | D        | Killed a jelly
   275 | D        | Reached XP level 8. HP: 56/56 MP: 10/10
   276 | D        | Killed a jelly
   277 | D        | Killed a jelly
   279 | D        | Killed a golden eye
   291 | D        | Entered arena 5.
   291 | D        | Noticed a deep elf mage
   291 | D        | Noticed a deep elf summoner
   291 | D        | Noticed a deep elf mage
   291 | D        | Noticed a deep elf knight
   296 | D        | Killed a deep elf mage
   296 | D        | Reached skill level 10 in Fighting
   296 | D        | Reached skill level 10 in Armour
   296 | D        | Reached skill level 10 in Shields
   297 | D        | Killed a deep elf mage
   297 | D        | Received a gift from Trog
   298 | D        | Killed a deep elf summoner
   298 | D        | Reached XP level 9. HP: 54/63 MP: 10/12
   300 | D        | Killed a deep elf knight
   300 | D        | Reached skill level 11 in Fighting
   309 | D        | Identified A Beginning Course on the Arcane Arts
   324 | D        | Entered arena 6.
   324 | D        | Noticed an iron imp
   324 | D        | Noticed a hell hound
   324 | D        | Noticed a hell hound
   326 | D        | Killed a hell hound
   327 | D        | Killed an iron imp
   327 | D        | Received a gift from Trog
   327 | D        | Killed a hell hound
   345 | D        | Entered arena 7.
   345 | D        | Noticed a hippogriff
   345 | D        | Noticed a centaur
   345 | D        | Noticed a hippogriff
   345 | D        | Noticed a hippogriff
   349 | D        | Killed a hippogriff
   349 | D        | Received a gift from Trog
   350 | D        | Killed a centaur
   351 | D        | Killed a hippogriff
   352 | D        | Killed a hippogriff
   358 | D        | Got the ring of a Thousand Blessings {+cTele rElec MP+9 Int-4 Slay+2}
   361 | D        | Got the amulet "Kajavik" {Gourm Int+7}
   364 | D        | Got the amulet "Abiaxzy" {*Confuse +Rage rPois rC+ Slay+5}
   378 | D        | Entered arena 8.
   378 | D        | Noticed a naga
   378 | D        | Noticed a naga
   378 | D        | Noticed a black mamba
   378 | D        | Noticed a water moccasin
   380 | D        | Killed a black mamba
   380 | D        | Reached skill level 12 in Fighting
   380 | D        | Reached skill level 10 in Axes
   380 | D        | Reached XP level 10. HP: 71/71 MP: 13/13
   381 | D        | Received a gift from Trog
   384 | D        | Killed a water moccasin
   387 | D        | Killed a naga
   387 | D        | Killed a naga
   394 | D        | Got the amulet of Tuawef {Gourm rN+ Int+9}
   406 | D        | Entered arena 9.
   406 | D        | Noticed a quasit
   406 | D        | Noticed a wretched star
   406 | D        | Noticed a small abomination
   409 | D        | Killed a small abomination
   410 | D        | Received a gift from Trog
   411 | D        | Killed a quasit
   414 | D        | Killed a wretched star
   448 | D        | Entered arena 10.
   448 | D        | Noticed a spriggan rider
   448 | D        | Noticed a black bear
   448 | D        | Noticed a black bear
   448 | D        | Noticed a wolf
   448 | D        | Noticed a black bear
   448 | D        | Noticed a spriggan
   448 | D        | Noticed a spriggan
   448 | D        | Noticed a spriggan druid
   448 | D        | Noticed a spriggan
   451 | D        | Killed a wolf
   451 | D        | Killed a spriggan
   452 | D        | Killed a spriggan
   453 | D        | Killed a black bear
   453 | D        | Reached skill level 13 in Armour
   453 | D        | Killed a black bear
   455 | D        | Killed a spriggan
   455 | D        | Received a gift from Trog
   456 | D        | Killed a spriggan druid
   457 | D        | Killed a black bear
   463 | D        | Killed a wasp
   463 | D        | Killed a spriggan
   475 | D        | Got the ring of Ihielup {rPois rC+ Str-3 Dex+3 Slay+3}
   507 | D        | Entered arena 11.
   507 | D        | Noticed a merfolk javelineer
   507 | D        | Noticed a merfolk javelineer
   507 | D        | Noticed a merfolk aquamancer
   507 | D        | Noticed a merfolk
   507 | D        | Noticed a sea snake
   508 | D        | Noticed a wind drake
   508 | D        | Noticed a merfolk javelineer
   508 | D        | Noticed a merfolk impaler
   508 | D        | Noticed a centaur
   508 | D        | Noticed a merfolk impaler
   513 | D        | Killed a sea snake
   513 | D        | Received a gift from Trog
   513 | D        | Killed a merfolk aquamancer
   513 | D        | Reached XP level 11. HP: 40/79 MP: 15/15
   516 | D        | Killed a centaur
   517 | D        | Killed a merfolk
   519 | D        | Killed a merfolk javelineer
   519 | D        | Reached skill level 14 in Fighting
   520 | D        | Killed a wind drake
   523 | D        | Killed a merfolk impaler
   527 | D        | Killed a merfolk javelineer
   527 | D        | Received a gift from Trog
   529 | D        | Killed a merfolk javelineer
   533 | D        | Killed a merfolk impaler
   539 | D        | Identified the Handbook of Enthralling Attacks
   768 | D        | Entered arena 12.
   768 | D        | Noticed a vampire
   768 | D        | Noticed a necrophage
   768 | D        | Noticed a necromancer
   768 | D        | Noticed a necromancer
   769 | D        | Noticed a necromancer
   769 | D        | Noticed a shadow
   769 | D        | Noticed a ghoul
   769 | D        | Noticed a skeletal warrior
   770 | D        | Noticed a shadow
   771 | D        | Killed a vampire
   775 | D        | Killed a necromancer
   775 | D        | Received a gift from Trog
   775 | D        | Killed a necrophage
   777 | D        | Killed a shadow
   777 | D        | Killed a necromancer
   777 | D        | Reached skill level 15 in Fighting
   777 | D        | Reached skill level 15 in Armour
   777 | D        | Engulfed by a necromancer's flame

Vault maps used:
D:        sprint_v

Action                   |  1- 3 |  4- 6 |  7- 9 | 10-12 || total
-------------------------+-------+-------+-------+-------++-------
Melee: Broad axe         |     3 |     7 |    28 |    45 ||    83
Invok: Burn Spellbooks   |       |       |     3 |     2 ||     5
 Abil: Evoke Flight      |       |       |     2 |     2 ||     4
       Stop Flying       |       |       |     1 |       ||     1
  Use: Potion            |     1 |       |       |     1 ||     2
  Eat: Chunk             |       |       |     8 |       ||     8
